 Dungeon Crawl Stone Soup version 0.29-a0-275-g389c0b56f3 (webtiles) character file.

Game seed: 5223387260759565575

555 Murumi the Basher (level 7, -1/72 HPs)
             Began as an Ogre Gladiator on Mar 10, 2022.
             Was an Initiate of Yredelemnul.
             Killed by divine providence
             ... invoked by an orc priest
              (9 damage)
             ... on level 4 of the Dungeon.
             The game lasted 00:17:24 (5174 turns).

Murumi the Basher (Ogre Gladiator)                  Turns: 5174, Time: 00:17:24

Health: -1/72      AC:  4    Str: 19    XL:     7   Next: 30%
Magic:  8/8        EV: 10    Int: 11    God:    Yredelemnul [......]
Gold:   141        SH:  0    Dex: 10    Spells: 6/6 levels left

rFire   . . .      SeeInvis .   h - +0 whip
rCold   . . .      Faith    .   (no shield)
rNeg    . . .      Spirit   .   b - +0 robe
rPois   .          Reflect  .   c - +1 hat
rElec   .          Harm     .   (no cloak)
rCorr   .          Rampage  .   (gloves unavailable)
Will    .....                   (boots unavailable)
Stlth   +.........              (no amulet)
HPRegen 0.22/turn               (no ring)
MPRegen 0.11/turn               (no ring)

@: no status effects
A: large, unfitting armour, tough skin 1
a: Renounce Religion, Recall Undead Harvest


You were on level 4 of the Dungeon.
You worshipped Yredelemnul.
Yredelemnul was noncommittal.
You visited 1 branch of the dungeon, and saw 4 of its levels.

You collected 141 gold pieces.

Inventory:

Hand Weapons
 a - a +0 flail
 h - a +0 whip (weapon)
 o - a +0 giant club
Missiles
 d - 3 throwing nets
 e - 5 large rocks
 g - 52 stones (quivered)
 j - 4 boomerangs
 l - 3 javelins
 m - 19 poisoned darts
Armour
 b - a +0 robe (worn)
 c - a +1 hat (worn)
Wands
 r - a wand of flame (25)
Scrolls
 n - a scroll of magic mapping
 p - a scroll of identify
 q - a scroll of teleportation
Potions
 f - 2 potions of curing
 i - a potion of lignification
 k - 2 potions of attraction


   Skills:
 - Level 5.0 Fighting
 - Level 11.0 Maces & Flails
 - Level 3.0 Throwing
 - Level 1.0 Armour
 - Level 3.0 Dodging
 - Level 1.0 Stealth
 - Level 2.0 Invocations
 + Level 0.2 Evocations


You had 6 spell levels left.
You didn't know any spells.
Your spell library contained the following spells:

 Spells                   Type           Power      Damage    Failure   Level
 Blink                    Tloc           0%         N/A       47%         2
 Lesser Beckoning         Tloc           0%         N/A       71%         3
 Manifold Assault         Tloc           0%         N/A       100%        5


Dungeon Overview and Level Annotations

Branches:
Dungeon (4/15)
 Temple: D:4-7

Altars:
Ashenzari
Kikubaaqudgha
Yredelemnul


Innate Abilities, Weirdness & Mutations

You are too large for most types of armour.
You have tough skin. (AC +1)


Message History

The orc priest hits your giant cockroach zombie with a +0 dagger of speed.
A water moccasin comes into view.
The orc priest miscasts a cantrip.
Your giant cockroach zombie bites the orc priest but does no damage.
The water moccasin moves out of view.
The orc priest barely misses your giant cockroach zombie.
Your giant cockroach zombie bites the orc priest.
The orc priest barely misses your giant cockroach zombie.
Your giant cockroach zombie barely misses the orc priest.
The orc priest hits your giant cockroach zombie with a +0 dagger of speed.
The orc priest mumbles some strange prayers to Beogh against you.
Beogh smites you!
* * * LOW HITPOINT WARNING * * *
Your giant cockroach zombie misses the orc priest.
Okay, then.
The orc priest casts a cantrip, but nothing happens.
Your giant cockroach zombie bites the orc priest.
The orc priest completely misses your giant cockroach zombie.
Your giant cockroach zombie closely misses the orc priest.
The orc priest hits your giant cockroach zombie with a +0 dagger of speed.
Your giant cockroach zombie bites the orc priest.
The orc priest looks braver for a moment.
Your giant cockroach zombie barely misses the orc priest.
The orc priest hits your giant cockroach zombie with a +0 dagger of speed.
The orc priest invokes the aid of Beogh against you.
Beogh smites you!
* * * LOW HITPOINT WARNING * * *
Your giant cockroach zombie closely misses the orc priest.
Okay, then.
The orc priest barely misses your giant cockroach zombie.
Your giant cockroach zombie bites the orc priest.
The orc priest looks satisfied for a moment.
Your giant cockroach zombie bites the orc priest.
The orc priest hits your giant cockroach zombie with a +0 dagger of speed.
Your giant cockroach zombie is destroyed!
The orc priest hits your goblin zombie with a +0 dagger of speed.
The orc priest mumbles some strange prayers to Beogh against you.
Beogh smites you!
You die...
Your body rises from the dead as a mindless zombie.

#.#########.#..#...........##..##
#...........#..#.................
#.###########..#.#..####.#.##.###
#...........<.Z...Z..............
#.###########..#.#ZZ######.##.###
#.# #Z.ZZ..#...ZZZ...#....... #.#
#.##...####Z###Z.#....### #.#
#.#########.# #.Z#.....## #.#
###..goZ@######..#....##. #.#
##...#.##...###...#.....#.
#.#####..≈. #. ###≈..###.#.....#.
#..##....# .. ##.....##.....##
#..#.≈..# .## ##..≈.##....#.#
#.#...≈# .# ##≈...#.......
#.#≈...# .# #...≈#.#....#
#.#.≈≈.#8. #.≈≈.#....... #.#.).≈#
#≈...##.....#


You could see an orc priest (ally target), a hobgoblin and a friendly goblin
zombie.

Vanquished Creatures
  2 ogres
  A howler monkey (D:4)
  2 iguanas (D:4)
  An orc wizard (D:3)
  3 gnolls (D:3)
  7 adders
  3 dart slugs
  4 orcs
  5 bats
  2 endoplasms
  4 giant cockroaches
  10 goblins
  6 hobgoblins
  9 jackals
  5 kobolds
  2 quokkas
  18 ball pythons
  2 frilled lizards
  5 rats
  2 bushes (D:3)
93 creatures vanquished.

Vanquished Creatures (collateral kills)
  An orc (D:4)
  An endoplasm (D:4)
  3 hobgoblins
  A kobold (D:3)
  2 bushes (D:3)
8 creatures vanquished.

Vanquished Creatures (others)
  A howler monkey zombie (D:4)
  A gnoll zombie (D:3)
  2 ball python zombies
  A giant cockroach zombie (D:4)
  A goblin zombie (D:4)
  A hobgoblin zombie (D:4)
  3 jackal zombies (D:4)
  2 kobold zombies
  A spectral endoplasm (D:3)
  9 plants (D:3)
22 creatures vanquished.

Grand Total: 123 creatures vanquished

Notes
Turn   | Place    | Note
-------+----------+-------------------------------------------
     0 | D:1      | Murumi the Ogre Gladiator began the quest for the Orb.
     0 | D:1      | Reached XP level 1. HP: 22/22 MP: 1/1
   102 | D:1      | HP: 1/23 [quokka (2)]
   453 | D:1      | Reached skill level 3 in Maces & Flails
   480 | D:1      | Reached XP level 2. HP: 31/31 MP: 2/2
   896 | D:1      | Reached XP level 3. HP: 31/39 MP: 3/3
  1495 | D:2      | Reached skill level 1 in Armour
  1567 | D:2      | Reached XP level 4. HP: 46/48 MP: 4/4
  1598 | D:2      | Reached skill level 1 in Stealth
  2290 | D:2      | Found a faded altar of an unknown god.
  2304 | D:2      | Prayed at the altar of an unknown god.
  2304 | D:2      | Became a worshipper of Yredelemnul the Dark
  2304 | D:2      | Reached * piety under Yredelemnul
  2629 | D:3      | Reached skill level 10 in Maces & Flails
  2629 | D:3      | Reached XP level 5. HP: 55/55 MP: 5/5
  2876 | D:3      | Reached skill level 5 in Fighting
  3078 | D:3      | Noticed an ogre
  3094 | D:3      | Killed an ogre
  3095 | D:3      | Reached skill level 11 in Maces & Flails
  3095 | D:3      | Reached XP level 6. HP: 62/66 MP: 6/6
  3222 | D:3      | Reached skill level 1 in Invocations
  4293 | D:4      | Reached XP level 7. HP: 46/72 MP: 7/7
  4646 | D:4      | Found an ancient bone altar of Kikubaaqudgha.
  5013 | D:4      | Found a broken altar of Ashenzari.
  5174 | D:4      | Killed from afar by an orc priest

Illustrated notes

Levels and vault maps discovered:
D:1:      lightli_iron_boxes, layout_loops_cross, minmay_shallow_snake_nest
D:2:      minmay_spotlight, layout_rooms, nicolae_ecumenical_snake_handling
D:3:      layout_loops_ring, serial_forest, infiniplex_forest_clump_C,
          infiniplex_forest_lined_room_, infiniplex_forest_end_3,
          infiniplex_forest_end_3, infiniplex_forest_straight_2,
          infiniplex_forest_clump_curved, infiniplex_forest_clump_long,
          minmay_hedge_maze
D:4:      layout_basic, mainiacjoe_overflow_tiny_flanked, lemuel_round_altar,
          nzn_random_ring

Skill      XL: |  1  2  3  4  5  6  7 |
---------------+----------------------+-----
Fighting       | 3 4 5 |  5.0
Maces & Flails | 3 10 11 | 11.0
Dodging        | 3 |  3.0
Armour         | 1 |  1.0
Stealth        | 1 |  1.0
Invocations    | 1 2 |  2.0
Throwing       | 3 |  3.0
Evocations     | |  0.2

Action                   |  1- 3 |  4- 6 |  7- 9 || total
-------------------------+-------+-------+-------++-------
Melee: Flail             |    40 |       |       ||    40
       Whip              |    59 |   383 |    70 ||   512
       Punch             |     2 |    10 |       ||    12
Throw: Stone             |    44 |    91 |    10 ||   145
       Boomerang         |       |     6 |       ||     6
       Throwing net      |       |     1 |       ||     1
       Dart              |       |     3 |       ||     3
  Use: Scroll            |     4 |     8 |     1 ||    13
       Potion            |       |     1 |       ||     1
 Stab: Sleeping          |     1 |       |       ||     1
Armor: Robe              |    25 |    49 |    15 ||    89
Dodge: Dodged            |    55 |    87 |    19 ||   161

Table legend: (Time is in decaauts)
 A = Elapsed time spent in this place.
 B = Non-inter-level travel time spent in this place.
 C = Inter-level travel time spent in this place.
 D = Time resting spent in this place.
 E = Time spent auto-exploring this place.
 F = Levels seen in this place.
 G = Mean time per level.
                   A        B        C        D        E       F      G
               +--------+--------+--------+--------+--------+-----+--------+
         Total |   5019 |   4615 |    404 |     42 |   3620 |   4 | 1254.8 |
       Dungeon |   5019 |   4615 |    404 |     42 |   3620 |   4 | 1254.8 |
               +--------+--------+--------+--------+--------+-----+--------+

Top non-repeatable levels by time:
     D:3: 1475 daAuts
     D:1: 1348 daAuts
     D:4: 1109 daAuts
     D:2: 1086 daAuts
